 Dungeon Crawl Stone Soup version 0.27-a0-836-gfc908b8576 (webtiles) character file.

Game seed: 7320805599197448725

879 robertstho the Ruffian (level 7, -2/68 HPs)
             Began as a Troll Fighter on Mar 31, 2021.
             Slain by a scorpion (8 damage)
             ... on level 4 of the Dungeon.
             The game lasted 00:06:44 (2506 turns).

robertstho the Ruffian (Troll Fighter)              Turns: 2506, Time: 00:06:45

Health: -2/68      AC:  4    Str: 23 (26) XL:     7   Next: 75%
Magic:  6/6        EV:  7    Int:  4 (5)  God:
Gold:   116        SH: 15    Dex: 13 (15) Spells: 6/6 levels left

rFire    + . .     SeeInvis .     - Unarmed
rCold    . . .     Faith    .   j - +0 tower shield
rNeg     . . .     Spirit   .   a - +0 robe
rPois    +         Reflect  .   (helmet restricted)
rElec    .         Harm     .   (no cloak)
rCorr    .         Rampage  .   (gloves unavailable)
Will     +....                  (boots unavailable)
Stlth    +.........             d - amulet of the acrobat
HPRegen  1.21/turn              k - +6 ring of dexterity
MPRegen  0.10/turn              c - ring "Adaaluv" {+Fly rPois rF+ Will+}

@: flying
A: large, unfitting armour, claws 3, regeneration 1, shaggy fur 1, tough skin 1
a: no special abilities


You were on level 4 of the Dungeon.
You visited 1 branch of the dungeon, and saw 4 of its levels.
You also visited: Sewer.

You collected 116 gold pieces.

Inventory:

Armour
 a - a +0 robe (worn)
 j - a +0 tower shield (worn)
Jewellery
 c - the ring "Adaaluv" (right claw) {+Fly rPois rF+ Will+}
   (You acquired it on level 3 of the Dungeon)

   [ring of willpower]

   It protects you from fire.
   It protects you from poison.
   It grants you flight.
   It increases your willpower.
 d - an amulet of the acrobat (around neck)
 g - a +6 ring of dexterity
 k - a +6 ring of dexterity (left claw)
Wands
 b - a wand of paralysis (8)
Scrolls
 e - a scroll of identify
Potions
 f - a potion of haste
 i - a potion of mutation


   Skills:
 * Level 3.9 Fighting
 + Level 3.4 Dodging
 + Level 4.1 Shields
 * Level 6.4 Unarmed Combat


You had 6 spell levels left.
You didn't know any spells.
Your spell library contained the following spells:

 Spells                   Type           Power      Damage    Failure   Level
 Animate Skeleton         Necr           0%         N/A       99%         1
 Apportation              Tloc           0%         N/A       99%         1
 Corona                   Hex            0%         N/A       99%         1
 Magic Dart               Conj           0%         1d3       99%         1
 Summon Small Mammal      Summ           0%         N/A       99%         1
 Blink                    Tloc           N/A        N/A       100%        2
 Call Imp                 Summ           0%         N/A       100%        2
 Slow                     Hex            0%         N/A       100%        2
 Conjure Flame            Conj/Fire      0%         6-21      100%        3
 Mephitic Cloud           Conj/Pois/Air  0%         N/A       100%        3


Dungeon Overview and Level Annotations

Branches:
Dungeon (4/15)              Sewer (visited)
 Temple: D:4-7

Altars:
Makhleb
Ru
Zin


Innate Abilities, Weirdness & Mutations

You are too large for most types of armour.
You have claws for hands.
Your natural rate of healing is unusually fast.
You are covered in fur. (AC +1)
You have tough skin. (AC +1)


Message History

You block the scorpion's attack.
You feel your intelligence returning.
Unknown command.
You are too injured to fight recklessly!
You claw the orc priest!
The orc priest is heavily wounded.
You block the orc's attack. The orc priest hits you with a +0 club.
You block the orc priest's attack. The scorpion barely misses you.
The orc hits you but does no damage. You block the orc priest's attack.
The orc priest hits you with a +0 club. You block the scorpion's attack.
You claw the orc priest!
You kill the orc priest!
The scorpion closely misses you. The orc hits you with a +0 flail!
The orc priest calls down the wrath of Beogh upon you.
Pain shoots through your body!
Unknown command.
You closely miss the orc priest. You block the scorpion's attack.
The orc hits you with a +0 flail!
* * * LOW HITPOINT WARNING * * *
The orc priest hits you with a +0 club.
* * * LOW HITPOINT WARNING * * *
The scorpion stings you!
* * * LOW HITPOINT WARNING * * *
You claw the orc priest!
The orc priest is almost dead.
You block the orc's attack.
The orc priest hits you but does no damage.
You block the scorpion's attack. The orc hits you with a +0 flail.
* * * LOW HITPOINT WARNING * * *
Unknown command.
It was a potion of curing.
You feel better.
The orc priest miscasts a cantrip.
The scorpion stings you but does no damage.
The orc hits you with a +0 flail.
* * * LOW HITPOINT WARNING * * *
It was a potion of magic.
Magic courses through your body. The scorpion barely misses you.
The orc priest hits you but does no damage.
The scorpion stings you!
You die...

## ....... ... .
..#..... ..# #.
.#.#..##..## ...
.........#> #...
#.#..#...#
#....#.......
......)...#
#)@o.#
......)os.#
.............
...............
##........#..#..
#...........# .
#.............
.........#....


You could see a scorpion, an orc priest and an orc.

Vanquished Creatures
  Grinder (D:3)
  Sigmund (D:3)
  3 kobold brigands (Sewer)
  2 orc priests (D:4)
  Ijyb (D:3)
  5 adders
  6 river rats
  10 worms
  3 dart slugs (D:3)
  2 orcs
  5 bats
  6 endoplasms
  4 giant cockroaches
  12 goblins
  4 hobgoblins
  4 jackals (D:3)
  5 quokkas
  15 ball pythons
  5 frilled lizards
  13 kobolds
  13 rats
120 creatures vanquished.

Vanquished Creatures (others)
  A plant (D:3)
1 creature vanquished.

Grand Total: 121 creatures vanquished

Notes
Turn   | Place    | Note
-------+----------+-------------------------------------------
     0 | D:1      | robertstho the Troll Fighter began the quest for the Orb.
     0 | D:1      | Reached XP level 1. HP: 22/22 MP: 0/0
   115 | D:1      | Reached XP level 2. HP: 29/29 MP: 1/1
   645 | D:2      | Reached XP level 3. HP: 36/36 MP: 2/2
   813 | D:2      | Reached skill level 3 in Unarmed Combat
   935 | D:3      | Noticed Sigmund
   946 | D:3      | Reached XP level 4. HP: 8/45 MP: 3/3
   946 | D:3      | Noticed Ijyb
   953 | D:3      | Killed Sigmund
   954 | D:3      | Reached skill level 4 in Unarmed Combat
   954 | D:3      | Reached XP level 5. HP: 52/53 MP: 4/4
   966 | D:3      | Killed Ijyb
  1230 | D:3      | Found a glowing drain.
  1237 | D:3      | Reached XP level 6. HP: 59/61 MP: 5/5
  1249 | Sewer    | Entered a sewer
  1518 | Sewer    | Reached skill level 5 in Unarmed Combat
  1705 | Sewer    | Reached XP level 7. HP: 64/67 MP: 6/6
  1818 | D:3      | Noticed Grinder
  1834 | D:3      | Paralysed by Grinder for 3 turns
  1855 | D:3      | Paralysed by Grinder for 7 turns
  1864 | D:3      | Killed Grinder
  1865 | D:3      | Reached skill level 6 in Unarmed Combat
  1900 | D:3      | Found a burning altar of Makhleb.
  1903 | D:3      | Found a sacrificial altar of Ru.
  1906 | D:3      | Found a glowing silver altar of Zin.
  1985 | D:3      | Identified a scroll of acquirement
  1985 | D:3      | Acquired the ring "Adaaluv" {+Fly rPois rF+ Will+}
  2504 | D:4      | HP: 3/68 [orc/+0 flail (5)]
  2506 | D:4      | Slain by a scorpion

Illustrated notes

Levels and vault maps discovered:
D:1:      dpeg_arrival_rooms_a, layout_rooms, item_on_display_a
D:2:      layout_rooms
D:3:      minmay_thinvault, layout_rooms, minmay_overflow_temple_star_quad,
          portal_sewer_entry_a, serial_bayou_crossing, uniq_grinder, uniq_ijyb,
          uniq_sigmund
D:4:      layout_basic, minmay_temple_entry_fiery, lemuel_angel_altar

Skill      XL: |  1  2  3  4  5  6  7 |
---------------+----------------------+-----
Unarmed Combat | 3 4 5 6 |  6.4
Fighting       | 3 |  3.9
Dodging        | 3 |  3.4
Shields        | 3 4 |  4.1

Action                   |  1- 3 |  4- 6 |  7- 9 || total
-------------------------+-------+-------+-------++-------
Melee: Unarmed           |   122 |   107 |   104 ||   333
  Use: Potion            |     1 |     3 |     5 ||     9
       Scroll            |       |       |     8 ||     8
 Stab: Sleeping          |       |     2 |     1 ||     3
Armor: Robe              |    35 |    26 |    20 ||    81
Dodge: Dodged            |    40 |    28 |    19 ||    87
Block: Kite shield       |    36 |       |       ||    36
       Tower shield      |    45 |   110 |    89 ||   244

Table legend: (Time is in decaauts)
 A = Elapsed time spent in this place.
 B = Non-inter-level travel time spent in this place.
 C = Inter-level travel time spent in this place.
 D = Time resting spent in this place.
 E = Time spent auto-exploring this place.
 F = Levels seen in this place.
 G = Mean time per level.
                   A        B        C        D        E       F      G
               +--------+--------+--------+--------+--------+-----+--------+
         Total |   2758 |   2683 |     75 |    118 |   1688 |   5 |  551.6 |
       Dungeon |   2005 |   1930 |     75 |    118 |   1181 |   4 |  501.2 |
         Sewer |    752 |    752 |      0 |      0 |    506 |   1 |  752.0 |
               +--------+--------+--------+--------+--------+-----+--------+

Top non-repeatable levels by time:
     D:3: 944 daAuts
   Sewer: 752 daAuts
     D:2: 590 daAuts
     D:1: 454 daAuts
     D:4: 16 daAuts
